 Dungeon Crawl Stone Soup version 0.31-a0-740-g87205ac768 (webtiles) character file.

Game seed: 17926203289908355490

133 pascalblue the Firebug (level 4, -7/24 HPs)
             Began as a Deep Elf Fire Elementalist on Sept 5, 2023.
             Engulfed by a cloud of steam (8 damage)
             ... in a sewer on Sept 12, 2023.
             The game lasted 00:11:24 (2641 turns).

pascalblue the Firebug (Deep Elf Fire Elementalist) Turns: 2641, Time: 00:11:26

Health: -7/24      AC:  3    Str:  5    XL:     4   Next: 93%
Magic:  17/21      EV: 12    Int: 28    God:
Gold:   115        SH:  0    Dex: 15    Spells: 5/11 levels left

rFire   . . .        b - +8 mace "Ishrud" {venom, +Blink Int+6}
rCold   . . .        (no shield)
rNeg    . . .        a - +0 robe
rPois   .            f - +0 helmet
rElec   .            (no cloak)
rCorr   .            (no gloves)
SInv    .            (no boots)
Will    .....        (no amulet)
Stlth   +            c - +4 ring of slaying
HPRegen 0.24/turn    h - ring of magical power
MPRegen 0.17/turn

%: no passive effects
@: very slow
A: no striking features
a: Evoke Blink


You were in a sewer.
You visited 1 branch of the dungeon, and saw 3 of its levels.
You also visited: Sewer.

You collected 115 gold pieces.

Inventory:

Hand Weapons
 b - the +8 mace "Ishrud" (weapon) {venom, +Blink Int+6}
   (You found it on level 3 of the Dungeon)

   Int+6:     It affects your intelligence (+6).
   +Blink:    It lets you blink.
Missiles
 m - 2 curare-tipped darts
 p - 6 poisoned darts
Armour
 a - a +0 robe (worn)
 f - a +0 helmet (worn)
Magical Staves
 k - a staff of poison
Jewellery
 c - a +4 ring of slaying (left hand)
 h - a ring of magical power (right hand)
Scrolls
 i - a scroll of immolation {unknown}
 o - a scroll of teleportation
Potions
 d - a potion of mutation
 e - a potion of might
 g - a potion of attraction
 j - a potion of lignification {unknown}
 l - a potion of enlightenment
 q - a potion of degeneration {unknown}


   Skills:
 - Level 2.4 Dodging
 - Level 2.4 Stealth
 + Level 4.1 Spellcasting
 + Level 2.5 Conjurations
 + Level 1.3 Translocations
 * Level 4.8 Fire Magic


You had 5 spell levels left.
You knew the following spells:

 Your Spells              Type           Power      Damage    Failure   Level
a - Foxfire               Conj/Fire      100%       2x1d9     1%          1
b - Scorch                Fire           66%        2d7       1%          2
c - Volatile Blastmotes   Fire/Tloc      46%        2d13      6%          3

Your spell library contained the following spells:

 Spells                   Type           Power      Damage    Failure   Level
 Inner Flame              Hex/Fire       19%        N/A       9%          3
 Poisonous Vapours        Pois/Air       10%        N/A       11%         2
 Mephitic Cloud           Conj/Pois/Air  10%        N/A       16%         3
 Flame Wave               Conj/Fire      26%        2d8       16%         4
 Freezing Cloud           Conj/Ice/Air   5%         6-21      82%         5


Dungeon Overview and Level Annotations

Branches:
Dungeon (3/15)              Sewer (1/1)

Altars:
Nemelex Xobeh


Message History

j - an inky potion You enter the shallow water.
Moving in this stuff is going to be slow.
You see here a frilled lizard corpse.
You enter the shallow water.
Moving in this stuff is going to be slow.
You enter the shallow water.
Moving in this stuff is going to be slow.
You see here a frilled lizard corpse.
You see here an adder corpse.
You enter the shallow water.
Moving in this stuff is going to be slow.
You enter the shallow water.
Moving in this stuff is going to be slow.
An adder and a frilled lizard come into view.
The frilled lizard hisses angrily.
A frilled lizard comes into view.
The frilled lizard hisses.
You enter the shallow water.
Moving in this stuff is going to be slow.
An adder comes into view.
The frilled lizard hisses angrily.
The frilled lizard bites you.
Casting: Scorch (safe; 1% risk of failure)
Confirm with . or Enter, or press ? or * to list all spells.
Flames lash the frilled lizard.
You kill the frilled lizard!
You hear an angry hiss.
An adder comes into view.
You are engulfed in a cloud of scalding steam.
Ouch! That really hurt!
* * * LOW HITPOINT WARNING * * *
You see here a frilled lizard corpse.
Casting: Scorch (safe; 1% risk of failure)
Confirm with . or Enter, or press ? or * to list all spells.
Flames lash the frilled lizard.
You kill the frilled lizard!
The adder hisses angrily.
You are engulfed in a cloud of scalding steam.
You die...

#S #~# #.# #~# #~#
#######S##########
.~.~~~~~~~~~~.~~..
S~.~~~~~~~@ยง.S..~.
######.##########
#~# #.# #~# #~# #~#
#.# #~#


You could see 2 adders.

Vanquished Creatures
  Terence (D:2)
  A river rat (D:3)
  4 adders
  2 worms (D:3)
  A dart slug (D:1)
  6 ball pythons
  6 bats
  9 endoplasms
  3 giant cockroaches (D:1)
  2 goblins
  5 hobgoblins
  3 quokkas
  10 frilled lizards
  3 kobolds
  2 rats
58 creatures vanquished.

Vanquished Creatures (others)
  124 foxfires
124 creatures vanquished.

Grand Total: 182 creatures vanquished

Notes
Turn   | Place    | Note
-------+----------+-------------------------------------------
     0 | D:1      | pascalblue the Deep Elf Fire Elementalist began the quest
                  | for the Orb.
     0 | D:1      | Reached XP level 1. HP: 10/10 MP: 6/6
    97 | D:1      | Upgraded the game from 0.31-a0-675-g238779eb0a to
                  | 0.31-a0-740-g87205ac768
   141 | D:1      | Reached XP level 2. HP: 14/15 MP: 2/8
   382 | D:1      | Found a faded altar of an unknown god.
   655 | D:1      | Reached XP level 3. HP: 19/19 MP: 7/10
   914 | D:2      | Noticed Terence
   976 | D:1      | Learned a level 2 spell: Scorch
   980 | D:1      | Learned a level 3 spell: Volatile Blastmotes
  1016 | D:2      | Identified the +1 ring mail of the Lizard {rPois rC- Int+6}
  1104 | D:2      | Found a sparkling altar of Nemelex Xobeh.
  1218 | D:2      | Killed Terence
  1396 | D:2      | Reached XP level 4. HP: 24/24 MP: 8/11
  2042 | D:2      | Reached skill level 1 in Translocations
  2332 | D:3      | Found a glowing drain.
  2357 | D:3      | Identified the +8 mace "Ishrud" {venom, +Blink Int+6}
  2484 | Sewer    | Entered a sewer
  2640 | Sewer    | HP: 1/24 [cloud of steam (22)]
  2641 | Sewer    | Engulfed by a cloud of steam

Illustrated notes

Levels and vault maps discovered:
D:1:      ldierk_walled_garden, layout_rooms,
          hellmonk_ecumenical_altar_pennies_from_heaven,
          hangedman_decor_clover_reticule, item_on_display_a
D:2:      layout_basic, basic_altar, uniq_terence
D:3:      layout_loops_cross, cheibrodos_sewer_entry_sluice,
          serial_bayou_lagoon_a, kennysheep_big_empty_room, uniq_natasha,
          uniq_jessica
Sewer:    sewer_co_cracked_pipes

Skill      XL: |  1  2  3  4 |
---------------+-------------+-----
Fire Magic     | 4 |  4.8
Conjurations   | 2 |  2.5
Translocations | 1 |  1.3
Spellcasting   | 4 |  4.1
Dodging        | |  2.4
Stealth        | |  2.4

Action                     |  1- 3 |  4- 6 || total
---------------------------+-------+-------++-------
   Cast: Foxfire           |    55 |    24 ||    79
         Scorch            |     4 |    13 ||    17
    Use: Scroll            |       |    10 ||    10
         Potion            |       |     2 ||     2
 Armour: Robe              |    15 |    17 ||    32
  Dodge: Dodged            |    16 |    11 ||    27

Table legend: (Time is in decaauts)
 A = Elapsed time spent in this place.
 B = Non-inter-level travel time spent in this place.
 C = Inter-level travel time spent in this place.
 D = Time resting spent in this place.
 E = Time spent auto-exploring this place.
 F = Levels seen in this place.
 G = Mean time per level.
                   A        B        C        D        E       F      G
               +--------+--------+--------+--------+--------+-----+--------+
         Total |   2662 |   2537 |    125 |    314 |   1676 |   4 |  665.5 |
       Dungeon |   2487 |   2362 |    125 |    314 |   1543 |   3 |  829.0 |
         Sewer |    175 |    175 |      0 |      0 |    133 |   1 |  175.0 |
               +--------+--------+--------+--------+--------+-----+--------+

Top non-repeatable levels by time:
     D:2: 1383 daAuts
     D:1: 951 daAuts
   Sewer: 175 daAuts
     D:3: 152 daAuts
